 Dungeon Crawl Stone Soup version 0.19.3-1-g3169bf9 (webtiles) character file.

2020 TryAgain the Sneak (level 9, -1/45 HPs)
             Began as a Deep Elf Ice Elementalist on Jan 25, 2017.
             Was a Believer of Vehumet.
             Slain by a slime creature (11 damage)
             ... on level 7 of the Dungeon.
             The game lasted 00:44:03 (8156 turns).

TryAgain the Sneak (Deep Elf Ice Elementalist)      Turns: 8156, Time: 00:44:04

Health: -1/45      AC: 13    Str:  7    XL:     9   Next: 3%
Magic:  25/30      EV: 21    Int: 22    God:    Vehumet [**....]
Gold:   622        SH:  4    Dex: 20    Spells: 6 memorised, 6 levels left

rFire  . . .     SeeInvis .     h - +8 flail (crush)
rCold  . . .     Gourm    .     f - +0 leather armour
rNeg   . . .     Faith    .     (no shield)
rPois  .         Spirit   .     (no helmet)
rElec  .         Reflect  +     z - +0 cloak
rCorr  .         Harm     .     C - +0 pair of gloves
MR     .....                    B - +0 pair of boots
Stlth  +++++.....               s - +4 amulet of reflection
                                H - ring of flight
                                j - ring of magical power

@: agile, icy armour, slow
A: no striking features
a: Renounce Religion, Evoke Flight


You were on level 7 of the Dungeon.
You worshipped Vehumet.
Vehumet was pleased with you.
You were not hungry.

You visited 2 branches of the dungeon, and saw 9 of its levels.
You also visited: Sewer and Ossuary.

You collected 622 gold pieces.

Inventory:

Hand Weapons
 d - a +0 spear
 h - a +8 flail of crushing (weapon)
 p - a +0 shortbow
 q - a +1 mace of crushing
 t - a +4 quarterstaff of chaos
 x - a +1 war axe
Missiles
 l - 63 arrows
Armour
 f - a +0 leather armour (worn)
 z - a +0 cloak (worn)
 B - a +0 pair of boots (worn)
 C - a +0 pair of gloves (worn)
Jewellery
 j - a ring of magical power (left hand)
 s - a +4 amulet of reflection (around neck)
 y - an uncursed ring of fire
 H - a ring of flight (right hand)
 I - an uncursed amulet of harm {unknown}
Wands
 D - a wand of paralysis (6/24)
Scrolls
 e - 2 scrolls of random uselessness
 n - 4 scrolls of remove curse
 v - 2 scrolls of immolation
Potions
 g - a potion of brilliance {unknown}
 m - a potion of might {unknown}
 r - a potion of flight
 u - 2 potions of cure mutation
 w - a potion of agility
 A - 2 potions of lignification
 G - a potion of haste {unknown}
Books
 b - a book of Frost

   Spells                             Type                      Level
   a - Freeze                         Ice                          1
   b - Throw Frost                    Conjuration/Ice              2
   c - Ozocubu's Armour               Charms/Ice                   3
   d - Throw Icicle                   Conjuration/Ice              4
   e - Summon Ice Beast               Ice/Summoning                4
Comestibles
 a - 4 chunks of flesh
 c - 4 bread rations
 i - 3 meat rations
 E - a beef jerky


   Skills:
 + Level 6.4 Dodging
 + Level 7.4 Stealth
 + Level 7.2 Spellcasting
 - Level 1.1 Conjurations
 + Level 4.6 Charms
 + Level 5.0 Summonings
 + Level 6.4 Ice Magic


You had 6 spell levels left.
You knew the following spells:

 Your Spells              Type           Power        Failure   Level  Hunger
a - Freeze                Ice            ####         1%          1    None
b - Ozocubu's Armour      Chrm/Ice       ####....     4%          3    None
c - Summon Ice Beast      Ice/Summ       ####....     12%         4    ###....
d - Throw Frost           Conj/Ice       ###...       4%          2    None
e - Throw Icicle          Conj/Ice       ###.....     28%         4    ###....
f - Throw Flame           Conj/Fire      ##....       17%         2    None


Dungeon Overview and Level Annotations

Branches:
Dungeon (8/15)             Temple (1/1) D:4
   Lair: D:8-11

Altars:
Ashenzari
Dithmenos
Elyvilon
Fedhas
Hepliaklqana
Kikubaaqudgha
Makhleb
Nemelex Xobeh
Okawaru
Qazlal
Ru
Sif Muna
Trog
Uskayaw
Vehumet
Xom

Shops:
D:4 }(

Annotations:
D:6 Sigmund; dscm's ghost, amateur HOFi
D:7 galech's ghost, novice OgFi


Message History

The slime creature hits you!
Casting: Summon Ice Beast
Confirm with . or Enter, or press ? or * to list all spells.
A film of ice covers your body! The slime creature barely misses you.
Casting: Ozocubu's Armour
Confirm with . or Enter, or press ? or * to list all spells.
A chill wind blows around you. The slime creature hits your ice beast!
The slime creature hits you!
* * * LOW HITPOINT WARNING * * *
The slime creature hits your ice beast!
Your ice beast hits the slime creature.
Your ice beast freezes the slime creature.
The slime creature hits your ice beast!
Your ice beast dies!
Things that are here:
a club; a plate armour; a giant club You feel agile all of a sudden.
The slime creature completely misses you.
Unknown command.
The slime creature hits you!
You die...

##.# #.#############.##
#. )..#
#................# ##
#### ########.#######.#
# ...#############.####
#.# #
....................#
#.# #
##.########.####.##.#
#.# # #.# #.# #.##.#
#.# ### ##.# ##.##
#.##.# #.# #..
...#######...###@##.#
#.######.#
......J....#.J.J.##.#
#........#
.......###.>.###.##.#
########.# ...###(#
##.## #.##.######## #..
...#
#.####)####.##.........
### .###
#..........Y...#######.
# .# #..###.........# .
## #..# #####...#.# #
#..# #.......#


You could see 2 slime creatures and a sky beast.

Vanquished Creatures
  A water moccasin (D:7)
  A sky beast (D:7)
  An ogre (D:7)
  A centaur (D:7)
  A big kobold (D:7)
  An elf zombie (Ossuary)
  4 bullfrogs
  A centaur zombie (D:5)
  A howler monkey (D:6)
  An orc priest (D:7)
  2 hounds
  A human zombie (Ossuary)
  A gnoll shaman (D:5)
  5 orc wizards
  Jessica (D:2)
  An iguana (D:4)
  Natasha (thrice) (D:2)
  5 worker ants
  A killer bee zombie (D:7)
  2 big kobold zombies (Ossuary)
  A hound zombie (D:5)
  A hound skeleton (D:5)
  2 mummies (Ossuary)
  8 gnolls
  10 adders
  2 river rats (D:3)
  A shadow imp (D:5)
  9 oozes
  4 worms
  A dart slug (D:2)
  11 leopard geckos
  10 orcs
  14 ball pythons
  18 giant cockroaches
  A gnoll zombie (Ossuary)
  3 goblins
  7 hobgoblins
  16 jackals
  4 quokkas
  5 bats
  18 frilled lizards
  4 goblin zombies (Ossuary)
  A hobgoblin zombie (Ossuary)
  A jackal skeleton (D:6)
  11 kobolds
  4 orc zombies (Ossuary)
  10 rats
212 creatures vanquished.

Vanquished Creatures (collateral kills)
  2 ice beasts
  An ogre (D:7)
  Crazy Yiuf (D:2)
  Terence (D:2)
  An orc (D:7)
6 creatures vanquished.

Grand Total: 218 creatures vanquished

Notes
Turn   | Place    | Note
-------+----------+-------------------------------------------
     0 | D:1      | TryAgain the Deep Elf Ice Elementalist began the quest for the Orb.
     0 | D:1      | Reached XP level 1. HP: 10/10 MP: 6/6
   396 | D:1      | Reached XP level 2. HP: 7/15 MP: 3/8
   941 | D:2      | Noticed Natasha
   950 | D:2      | Killed Natasha
   950 | D:2      | Reached XP level 3. HP: 7/19 MP: 1/10
  1137 | D:2      | Noticed Terence
  1150 | D:2      | Learned a level 3 spell: Ozocubu's Armour
  1221 | D:2      | Found a runed door.
  1561 | D:2      | Noticed Jessica
  1764 | D:2      | Killed Jessica
  1764 | D:2      | Reached XP level 4. HP: 24/24 MP: 9/12
  1945 | D:2      | Noticed Natasha
  1952 | D:2      | Killed Natasha
  1962 | D:2      | Learned a level 4 spell: Summon Ice Beast
  2092 | D:2      | Noticed Natasha
  2101 | D:2      | Killed Natasha
  2101 | D:2      | Reached XP level 5. HP: 24/28 MP: 8/13
  2637 | D:3      | Reached skill level 1 in Summonings
  2664 | D:3      | Found a glowing drain.
  2671 | Sewer    | Entered a sewer
  2816 | Sewer    | Reached XP level 6. HP: 32/32 MP: 12/15
  3025 | Sewer    | Reached skill level 5 in Stealth
  3025 | Sewer    | Reached skill level 5 in Spellcasting
  3706 | D:3      | Found a white marble altar of Elyvilon.
  3940 | D:2      | Killed Terence
  4114 | D:2      | Noticed Crazy Yiuf
  4121 | D:2      | Killed Crazy Yiuf
  4271 | D:4      | Found Zebbid's Antique Weapon Boutique.
  4337 | D:4      | Reached XP level 7. HP: 15/36 MP: 10/17
  4557 | D:4      | Learned a level 2 spell: Throw Frost
  4562 | D:4      | Learned a level 4 spell: Throw Icicle
  4583 | D:4      | Found a staircase to the Ecumenical Temple.
  4607 | Temple   | Entered the Ecumenical Temple
  4732 | Temple   | Became a worshipper of Vehumet
  4780 | D:4      | Reached skill level 1 in Charms
  4803 | D:4      | Reached skill level 5 in Ice Magic
  5075 | D:4      | Found Bohao's Gadget Boutique.
  5320 | D:5      | Entered Level 5 of the Dungeon
  5884 | D:6      | Noticed dscm's ghost (amateur HOFi)
  6065 | D:6      | Reached skill level 5 in Dodging
  6157 | D:6      | Noticed Sigmund
  6222 | D:7      | Reached XP level 8. HP: 18/41 MP: 19/19
  6442 | D:7      | Noticed galech's ghost (novice OgFi)
  6590 | D:7      | Reached * piety under Vehumet
  6590 | D:7      | Offered knowledge of Sting by Vehumet.
  6597 | D:7      | Found a sand-covered staircase.
  6624 | Ossuary  | Entered an ossuary
  6899 | D:7      | Offered knowledge of Throw Flame by Vehumet.
  6904 | D:7      | Learned a level 2 spell: Throw Flame
  6993 | D:7      | Reached ** piety under Vehumet
  7378 | D:8      | Noticed a slime creature
  7378 | D:8      | Noticed a slime creature
  7378 | D:8      | Noticed a slime creature
  7378 | D:8      | Noticed a slime creature
  7378 | D:8      | Noticed a slime creature
  8118 | D:7      | Reached skill level 5 in Summonings
  8118 | D:7      | Reached XP level 9. HP: 30/45 MP: 21/21
  8156 | D:7      | Slain by a slime creature

Skill      XL: |  1  2  3  4  5  6  7  8 |
---------------+-------------------------+-----
Stealth        | 3 4 5 6 7 |  7.4
Dodging        | 3 4 5 6 |  6.4
Spellcasting   | 4 5 6 7 |  7.2
Ice Magic      | 4 5 6 |  6.4
Summonings     | 1 2 3 5 |  5.0
Charms         | 2 4 |  4.6
Conjurations   | |  1.1

Action                   |  1- 3 |  4- 6 |  7- 9 || total
-------------------------+-------+-------+-------++-------
Melee: Short sword       |    22 |       |       ||    22
       Whip              |    16 |   133 |       ||   149
       War axe           |       |     5 |       ||     5
       Flail             |       |     3 |   201 ||   204
 Cast: Freeze            |    40 |   148 |    61 ||   249
       Ozocubu's Armour  |       |     4 |     4 ||     8
       Summon Ice Beast  |       |     3 |     8 ||    11
  Use: Potion            |       |     4 |     7 ||    11
       Scroll            |       |    11 |    10 ||    21
 Stab: Sleeping          |     3 |     6 |    10 ||    19
       Distracted        |       |     1 |       ||     1
       Invisible         |       |       |     1 ||     1
  Eat: Chunk             |     2 |     5 |    12 ||    19
       Meat ration       |       |     1 |       ||     1
       Beef jerky        |       |       |     1 ||     1
Armor: Leather armour    |    11 |    73 |    79 ||   163
       Robe              |     2 |       |       ||     2
Dodge: Dodged            |    43 |   212 |   196 ||   451
Block: Other             |       |    60 |    54 ||   114
       Reflection        |       |       |     1 ||     1
